 Dungeon Crawl Stone Soup version 0.26.1-15-g04117e645d (webtiles) character file.

Game seed: 12208488621545924988

132198 suipiss the Necromancer (level 16, -10/100 HPs)
             Began as a Demonspawn Necromancer on Dec 27, 2022.
             Was a High Priest of Ashenzari.
             Hit by a javelin thrown by a merfolk javelineer (25 damage)
             ... on level 4 of the Shoals.
             The game lasted 02:09:48 (39209 turns).

suipiss the Necromancer (Demonspawn Necromancer)   Turns: 39209, Time: 02:09:48

Health: -10/100    AC: 12    Str:  9    XL:     16   Next: 57%
Magic:  5/33       EV: 23    Int: 32    God:    Ashenzari [*****.]
Gold:   843        SH:  5    Dex: 18    Spells: 3/42 levels left

rFire    + + .     SeeInvis +   I - +9 short sword "Vemeet" {elec, +Fly rF+ Will+ Int+4}
rCold    + . .     Faith    .   (no shield)
rNeg     . . .     Spirit   .   j - +2 robe {rF+} (curse)
rPois    .         Reflect  +   h - +2 hat (curse)
rElec    .         Harm     .   e - +0 cloak (curse)
rCorr    .         Rampage  .   m - +2 pair of gloves {Dex+3} (curse)
Will     ++...     Clarity  +   (boots unavailable)
Stlth    +++.......             y - amulet of reflection (curse)
HPRegen  1.26/turn              x - ring of protection from cold (curse)
MPRegen  0.23/turn              C - +6 ring of intelligence

@: no potions, very slightly contaminated
A: talons 3, rugged brown scales 2, powered by death 3, miasma immunity
a: Renounce Religion, Evoke Flight, Curse Item, Scrying, Transfer Knowledge


You were on level 4 of the Shoals.
You worshipped Ashenzari.
Ashenzari was extremely pleased with you.
You visited 5 branches of the dungeon, and saw 24 of its levels.
You also visited: Ice Cave and Volcano.

You collected 2637 gold pieces.
You spent 1794 gold pieces at shops.

Inventory:

Hand Weapons
 H - the +7 whip "Huecaluc" {flame, +Fly}
   (You found it on level 10 of the Dungeon)

   It has been specially enchanted to burn those struck by it, causing extra
   injury to most foes and up to half again as much damage against particularly
   susceptible opponents.
   It lets you fly.
 I - the +9 short sword "Vemeet" (weapon) {elec, +Fly rF+ Will+ Int+4}
   (You took it off a centaur on level 3 of the Shoals)

   Occasionally, upon striking a foe, it can discharge electrical energy and
   cause terrible harm.
   It affects your intelligence (+4).
   It protects you from fire.
   It affects your willpower, your defense against some magical effects.
   It lets you fly.
Armour
 e - a cursed +0 cloak (worn)
 g - a +2 robe of cold resistance
 h - a cursed +2 hat (worn)
 j - a cursed +2 robe of fire resistance (worn)
 m - a cursed +2 pair of gloves of dexterity (worn)
 p - a +0 robe of willpower
 z - a scarf of resistance
Jewellery
 i - an uncursed ring of ice
 x - a cursed ring of protection from cold (left hand)
 y - a cursed amulet of reflection (around neck)
 A - an uncursed ring of poison resistance
 C - a +6 ring of intelligence (right hand)
 G - an uncursed ring of ice
 T - an uncursed ring of positive energy
Wands
 c - a wand of iceblast (71)
 d - a wand of polymorph (36)
 B - a wand of paralysis (18)
 D - a wand of digging (6)
Scrolls
 a - 5 scrolls of torment
 f - 6 scrolls of teleportation
 l - a scroll of fog
 o - 4 scrolls of enchant armour
 r - 3 scrolls of fear
 s - 2 scrolls of vulnerability
 F - a scroll of magic mapping
 J - 2 scrolls of enchant weapon
 L - a scroll of blinking
 P - 2 scrolls of silence
Potions
 b - 2 potions of flight
 k - 2 potions of haste
 n - 2 potions of berserk rage
 q - 4 potions of mutation
 t - 4 potions of might
 u - 3 potions of resistance
 v - a potion of heal wounds
 w - 8 potions of curing
 E - a potion of ambrosia
 M - 2 potions of cancellation
Miscellaneous
 S - a lightning rod (4/4)


   Skills:
 + Level 10.0(13.8) Dodging
 - Level 1.7(4.5) Stealth
 + Level 9.9 Unarmed Combat
 * Level 13.5 Spellcasting
 * Level 11.4(13.8) Summonings
 - Level 15.2(17.4) Necromancy
 * Level 8.6(11.2) Transmutations
 - Level 9.0(11.5) Ice Magic


You had 3 spell levels left.
You knew the following spells:

 Your Spells              Type           Power        Failure   Level
a - Pain                  Necr           100%         0%          1
b - Vampiric Draining     Necr           46%          0%          3
c - Summon Greater Demon  Summ           42%          6%          7
d - Agony                 Necr           93%          1%          5
e - Frozen Ramparts       Ice            100%         1%          3
f - Ozocubu's Armour      Ice            77%          1%          3
g - Summon Ice Beast      Ice/Summ       80%          1%          4
h - Dragon Form           Tmut           38%          19%         7
i - Ozocubu's Refrigerat  Ice            38%          2%          6

Your spell library contained the following spells:

 Spells                   Type           Power        Failure   Level
 Animate Skeleton         Necr           100%         0%          1
 Foxfire                  Conj/Fire      92%          1%          1
 Freeze                   Ice            100%         1%          1
 Sting                    Tmut/Pois      100%         1%          1
 Ignite Poison            Fire/Tmut/Pois 47%          1%          3
 Poisonous Vapours        Pois/Air       46%          2%          2
 Mephitic Cloud           Conj/Pois/Air  23%          5%          3
 Animate Dead             Necr           46%          0%          4
 Hailstorm                Conj/Ice       56%          1%          4
 Ice Form                 Ice/Tmut       76%          1%          4
 Simulacrum               Ice/Necr       42%          1%          6
 Metabolic Englaciation   Hex/Ice        28%          4%          5
 Yara's Violent Unravell  Hex/Tmut       28%          5%          5
 Monstrous Menagerie      Summ           42%          6%          7
 Cause Fear               Hex            11%          19%         4
 Olgreb's Toxic Radiance  Pois           23%          19%         4
 Summon Horrible Things   Summ           42%          43%         8
 Silence                  Hex/Air        11%          45%         5
 Freezing Cloud           Conj/Ice/Air   23%          52%         6
 Malign Gateway           Summ/Tloc      30%          69%         7
 Discord                  Hex            11%          100%        8
 Dragon's Call            Summ           42%          100%        9


Dungeon Overview and Level Annotations

Branches:
Dungeon (11/15)            Temple (1/1) D:5            Lair (6/6) D:9
 Shoals (4/4) Lair:4       Spider (0/4) Lair:4        Slime (0/5) Lair:6
    Orc (2/2) D:9             Elf (0/3) Orc:2         IceCv (visited)
Volcano (visited)

Altars:
Ashenzari
Cheibriados
Dithmenos
Elyvilon
Fedhas
Gozag
Hepliaklqana
Kikubaaqudgha
Makhleb
Nemelex Xobeh
Okawaru
Qazlal
Ru
Sif Muna
Trog
Uskayaw
Vehumet
Wu Jian
Xom
Yredelemnul
Zin
The Shining One
Beogh
Jiyva

Shops:
D:7 :   D:8 (   Orc:2 (=*?

Annotations:
D:8 3 runed translucent doors, dtburroughs's ghost, journeyman MiBe
Lair:1 exclusion: oklob plant
Orc:2 3 runed translucent doors, Hypnoxylon's ghost, journeyman MiFi


Innate Abilities, Weirdness & Mutations

You have claws for feet.
You are mostly covered in rugged brown scales. (AC +2, +5% HP)
You regenerate a lot of health from kills.
You are immune to miasma.


Message History

The merfolk javelineer is lightly wounded.
The merfolk javelineer is heavily wounded.
The merfolk javelineer throws a javelin.
The javelin pierces through you!!
* * * LOW HITPOINT WARNING * * *
You hear a splash.
Blink to where?
Press: ? - help, Dir - move target
As you read the scroll of blinking, it crumbles to dust.
The merfolk javelineer throws a javelin.
The javelin pierces through you!
* * * LOW HITPOINT WARNING * * *
You hear a splash.
You cannot drink potions in your current state!
Unknown command.
As you read the scroll of fog, it crumbles to dust.
The scroll dissolves into smoke.
The merfolk javelineer throws a javelin.
The javelin pierces through you!!
You die...

≈≈,,≈,,*.....≈≈≈≈≈P≈≈≈≈≈≈≈≈≈≈≈≈≈≈
≈≈≈,,,,,...≈≈≈≈≈≈≈≈≈≈≈≈≈≈≈≈≈≈≈≈≈≈
,,,≈,,,,...≈≈≈≈≈≈≈≈≈≈≈≈≈≈≈≈≈≈≈≈≈≈
,*,,≈≈≈≈≈≈≈≈≈≈≈≈≈≈≈≈≈≈≈≈≈≈≈≈≈≈≈≈≈
**,,,,≈≈≈≈≈^≈≈≈≈≈≈≈≈≈≈≈≈≈≈≈≈≈≈≈≈≈
,,,,,,,,P≈<≈≈≈≈≈≈≈≈≈≈≈≈≈≈≈≈≈≈≈≈≈≈
≈≈≈,,,,≈P≈≈≈≈≈§§§(§≈≈≈≈≈≈≈≈≈≈≈≈≈≈
≈≈≈≈,,,≈#######§§§§≈≈≈≈≈≈≈≈≈≈≈≈≈≈
≈≈≈,,,,**≈≈≈≈{##@§(≈≈≈≈≈≈≈≈≈≈≈≈≈≈
≈≈≈,,,**≈#≈≈..≈##§§≈≈≈≈≈≈≈≈≈≈≈≈≈≈
≈≈≈,,,*≈*,mm≈≈÷≈#.§≈≈≈≈≈≈≈≈≈≈≈≈≈≈
≈≈≈≈≈≈*≈,{≈≈≈#≈≈#§†≈≈≈≈≈≈≈≈≈≈≈≈≈≈
≈≈≈≈≈≈*≈≈{≈*#≈≈≈#.≈≈≈≈≈≈≈≈≈≈≈≈≈≈≈
≈≈≈≈≈≈*≈≈≈≈*≈≈≈.#mm≈#####**≈≈≈≈≈≈
≈≈≈≈≈≈*≈,,*≈,,#≈#.≈##≈≈≈≈≈**≈≈≈≈≈
≈≈≈≈≈≈**≈≈≈,,*≈#.(##≈{,≈≈*≈**≈≈≈≈
≈≈≈≈≈≈≈**≈,,,≈#≈≈(#≈,≈≈≈≈,*≈*≈≈≈≈


You could see a merfolk javelineer.

Vanquished Creatures
  Kirke (Lair:4)
  Ilsuiw (Shoals:2)
  2 entropy weavers (Lair:5)
  The ghost of Grorgnorb the Jinx, a journeyman FoAM of Fedhas (Orc:1)
  Snorg (Lair:3)
  3 merfolk javelineers
  3 merfolk impalers
  3 ogre magi (Orc:2)
  6 hydras
  2 merfolk avatars (Shoals:4)
  An alligator (Lair:6)
  A centaur warrior (D:10)
  2 satyrs (Shoals:1)
  4 merfolk aquamancers
  6 death yaks
  A queen ant (Lair:5)
  19 two-headed ogres
  4 sea snakes
  2 nameless horrors (Shoals:2)
  2 lindwurms
  An unseen horror (D:10)
  13 harpies
  2 orc knights
  11 manticores
  6 cyclopes
  2 salamanders (Volcano)
  7 fauns
  Maurice (Orc:2)
  7 merfolk sirens
  8 elephants
  11 black mambas
  7 water nymphs
  A gargoyle (D:10)
  A centaur skeleton (D:10)
  15 cane toads
  3 molten gargoyles (Lair:6)
  3 torpor snails (Lair:6)
  9 rime drakes
  7 komodo dragons
  9 freezing wraiths (IceCv)
  15 merfolk
  2 hornets
  Prince Ribbit (D:5)
  4 wind drakes
  4 trolls
  4 polar bears
  13 blink frogs
  A slime creature (D:9)
  7 snapping turtles
  8 dream sheep
  2 redbacks (Lair:4)
  5 water elementals
  9 wyverns
  24 yaks
  5 fire bats
  A steam dragon (Lair:6)
  6 basilisks
  5 neqoxecs (Orc:1)
  2 death yak simulacra (IceCv)
  24 soldier ants (Lair:5)
  Menkaure (D:7)
  5 wargs
  10 water moccasins
  3 hell hounds
  17 orc warriors
  10 ice beasts
  3 black bears
  2 phantoms
  An eye of draining (D:10)
  25 wolves
  21 ogres
  9 centaurs
  2 big kobolds
  13 bullfrogs
  2 gnoll sergeants
  5 scorpions
  3 killer bees (D:8)
  8 wights
  2 electric eels
  3 howler monkeys
  4 lava snakes (Lair:6)
  6 draconian simulacra (IceCv)
  2 quasits (Orc:1)
  A bullfrog skeleton (D:8)
  10 orc priests
  5 hounds
  8 jellies
  16 orc wizards
  8 iguanas
  Natasha (thrice) (D:3)
  A polar bear simulacrum (IceCv)
  16 worker ants
  4 troll simulacra (IceCv)
  A wolf simulacrum (IceCv)
  A spriggan simulacrum (IceCv)
  A centaur simulacrum (IceCv)
  A hound skeleton (D:6)
  Robin (D:3)
  21 gnolls
  13 adders
  2 howler monkey skeletons (D:9)
  3 naga simulacra (IceCv)
  2 ogre simulacra (IceCv)
  2 shadow imps (D:5)
  25 white imps
  3 ufetubi
  11 oozes
  2 adder skeletons
  3 worms
  A dart slug (D:3)
  5 leopard geckos
  75 orcs
  2 ball pythons
  5 bats
  5 giant cockroaches
  21 goblins
  5 hobgoblins
  13 jackals
  19 kobolds
  3 quokkas
  5 frilled lizards
  A jackal skeleton (D:4)
  A leopard gecko zombie (D:6)
  3 rats
816 creatures vanquished.

Vanquished Creatures (collateral kills)
  Jorgrun (Orc:1)
  Roxanne (Shoals:2)
  2 stone giants (Shoals:2)
  A fire dragon (Lair:6)
  Harold (D:8)
  A hydra (Lair:3)
  An alligator snapping turtle (Shoals:3)
  An ogre mage (Orc:2)
  4 two-headed ogres (Orc:2)
  A death yak (Lair:5)
  An alligator (Lair:6)
  An obsidian statue (Shoals:1)
  A necromancer (IceCv)
  A lindwurm (Lair:6)
  A wolf spider (Lair:4)
  A faun (Shoals:2)
  A nameless horror (Shoals:2)
  An ice statue (IceCv)
  6 elephants
  3 komodo dragons
  A rime drake (Lair:3)
  A freezing wraith (IceCv)
  2 merfolk
  A wind drake (Shoals:3)
  A dream sheep (Lair:5)
  4 blink frogs
  A redback (Lair:4)
  A wyvern (Lair:6)
  3 water elementals
  A yak (Lair:6)
  4 basilisks
  A warg (Orc:2)
  2 soldier ants (Lair:5)
  3 water moccasins
  2 hell hounds (Lair:6)
  An orc warrior (Orc:2)
  A black bear (Lair:5)
  3 wolves
  10 ogres (Orc:2)
  A howler monkey (D:10)
  An orc priest (Orc:1)
  A spriggan simulacrum (IceCv)
  4 worker ants (Lair:5)
  A troll simulacrum (IceCv)
  A centaur simulacrum (IceCv)
  2 white imps (Orc:1)
  An ooze (D:9)
  3 orcs
  2 goblins (D:3)
  A rat (D:2)
92 creatures vanquished.

Vanquished Creatures (others)
  A manticore (Shoals:1)
  3 humans (Lair:4)
  37 fungi
  158 plants
  2 withered plants (D:2)
201 creatures vanquished.

Grand Total: 1109 creatures vanquished

Notes
Turn   | Place    | Note
-------+----------+-------------------------------------------
     0 | D:1      | suipiss the Demonspawn Necromancer began the quest for the
                  | Orb.
     0 | D:1      | Reached XP level 1. HP: 13/13 MP: 3/3
   298 | D:1      | Gained mutation: You regenerate a little health from kills.
                  | [demonic ancestry]
   298 | D:1      | Reached XP level 2. HP: 17/19 MP: 1/5
  1211 | D:2      | Gained mutation: You have sharp toenails. [demonic
                  | ancestry]
  1211 | D:2      | Reached XP level 3. HP: 24/24 MP: 1/6
  1372 | D:1      | Learned a level 3 spell: Vampiric Draining
  1918 | D:2      | Reached skill level 1 in Unarmed Combat
  2327 | D:2      | Reached skill level 5 in Necromancy
  2460 | D:2      | Found an ancient bone altar of Kikubaaqudgha.
  2527 | D:2      | Gained mutation: You regenerate health from kills. [demonic
                  | ancestry]
  2527 | D:2      | Reached XP level 4. HP: 29/30 MP: 5/8
  2638 | D:2      | Learned a level 4 spell: Animate Dead
  2746 | D:2      | Found a shadowy altar of Dithmenos.
  2773 | D:2      | Found an ornate altar of the Wu Jian Council.
  2773 | D:2      | Found a basalt altar of Yredelemnul.
  2870 | D:3      | Found a faded altar of an unknown god.
  2988 | D:3      | Noticed an ogre
  3090 | D:3      | Noticed Natasha
  3093 | D:3      | Killed Natasha
  3094 | D:3      | Reached XP level 5. HP: 35/35 MP: 6/10
  3294 | D:3      | Noticed Natasha
  3300 | D:3      | Killed Natasha
  3331 | D:3      | Found a glowing golden altar of the Shining One.
  3405 | D:3      | Killed an ogre
  3406 | D:3      | Reached XP level 6. HP: 22/41 MP: 4/11
  3762 | D:3      | Noticed Robin
  3769 | D:3      | Reached skill level 6 in Necromancy
  3778 | D:3      | Killed Robin
  3933 | D:3      | Noticed Natasha
  3951 | D:3      | Killed Natasha
  4434 | D:4      | Learned a level 5 spell: Agony
  4719 | D:4      | Reached XP level 7. HP: 40/46 MP: 7/13
  4836 | D:4      | Noticed an angel
  4847 | D:4      | Found a glowing silver altar of Zin.
  4848 | D:4      | Found a shimmering altar of Xom.
  5290 | D:5      | Entered Level 5 of the Dungeon
  5375 | D:5      | Found a staircase to the Ecumenical Temple.
  5407 | D:5      | Noticed Prince Ribbit
  5416 | D:5      | Killed Prince Ribbit
  5417 | D:5      | Reached skill level 7 in Necromancy
  5704 | Temple   | Entered the Ecumenical Temple
  5829 | D:5      | Reached skill level 5 in Spellcasting
  5988 | D:5      | Found a radiant altar of Vehumet.
  6095 | D:5      | Gained mutation: You are immune to miasma. [demonic
                  | ancestry]
  6095 | D:5      | Reached XP level 8. HP: 42/52 MP: 5/16
  7015 | D:5      | Reached skill level 8 in Necromancy
  7414 | D:6      | Found a transporter.
  7423 | D:6      | Found a transporter.
  7732 | D:6      | Found a broken altar of Ashenzari.
  8079 | D:6      | Became a worshipper of Ashenzari the Shackled
  8127 | D:7      | Reached skill level 9 in Necromancy
  8134 | D:7      | Gained mutation: You have razor-sharp toenails. [demonic
                  | ancestry]
  8134 | D:7      | Reached XP level 9. HP: 38/57 MP: 4/19
  8248 | D:7      | Learned a level 3 spell: Frozen Ramparts
  8339 | D:7      | Learned a level 3 spell: Ozocubu's Armour
  8380 | D:7      | Found a bloodstained altar of Trog.
  8705 | D:7      | Found Irphanil's Book Shop.
  8707 | D:7      | Noticed Menkaure
  8719 | D:7      | Killed Menkaure
  8720 | D:7      | Reached skill level 1 in Ice Magic
  8906 | D:7      | Reached skill level 5 in Dodging
  9027 | D:8      | Found Roizia's Antique Weapon Shoppe.
  9297 | D:8      | Found a burning altar of Makhleb.
  9406 | D:8      | Found a runed translucent gate.
  9406 | D:8      | Found a runed translucent gate.
  9407 | D:8      | Found a runed translucent gate.
  9408 | D:8      | Noticed dtburroughs's ghost (journeyman MiBe)
  9493 | D:8      | Noticed a balrug
  9497 | D:8      | Noticed a smoke demon
  9531 | D:8      | Noticed a two-headed ogre
  9537 | D:8      | Killed a two-headed ogre
  9538 | D:8      | Reached skill level 10 in Necromancy
  9801 | D:8      | Noticed a two-headed ogre
  9806 | D:8      | Noticed Harold
  9810 | D:8      | Killed a two-headed ogre
  9811 | D:8      | Reached XP level 10. HP: 63/63 MP: 16/22
  9822 | D:8      | Killed Harold
 10567 | D:8      | Noticed a two-headed ogre
 10581 | D:8      | Killed a two-headed ogre
 10582 | D:8      | Reached skill level 5 in Ice Magic
 11086 | D:9      | Found a staircase to the Lair.
 11103 | D:9      | Reached skill level 11 in Necromancy
 11561 | D:9      | Found a shimmering altar of Xom.
 11722 | D:9      | Reached * piety under Ashenzari
 11727 | D:9      | Found a staircase to the Orcish Mines.
 11804 | D:9      | Noticed a two-headed ogre
 11812 | D:9      | Killed a two-headed ogre
 11813 | D:9      | Gained mutation: You are partially covered in rugged brown
                  | scales. (AC +1, +3% HP) [demonic ancestry]
 11813 | D:9      | Reached XP level 11. HP: 63/70 MP: 8/24
 12804 | D:10     | Entered Level 10 of the Dungeon
 12813 | D:10     | Killed an unseen horror
 12814 | D:10     | Reached skill level 1 in Summonings
 12874 | D:10     | Noticed a centaur warrior
 12890 | D:10     | Killed a centaur warrior
 13023 | D:10     | Noticed a two-headed ogre
 13030 | D:10     | Killed a two-headed ogre
 13137 | D:10     | Noticed a two-headed ogre
 13155 | D:10     | Killed a two-headed ogre
 14028 | D:10     | Reached skill level 12 in Necromancy
 14124 | D:10     | Got the whip "Huecaluc" {flame, +Fly}
 14125 | D:10     | Identified the +7 whip "Huecaluc" {flame, +Fly} (You found
                  | it on level 10 of the Dungeon)
 14227 | D:11     | Noticed a boulder beetle
 14425 | D:11     | Noticed a seven-headed hydra
 14511 | Lair:1   | Entered Level 1 of the Lair of Beasts
 14641 | D:9      | Reached skill level 10 in Spellcasting
 15020 | Lair:1   | Noticed an oklob plant
 15054 | Lair:1   | Gained mutation: You have claws for feet. [demonic
                  | ancestry]
 15054 | Lair:1   | Reached XP level 12. HP: 60/76 MP: 19/26
 15935 | Lair:2   | Reached ** piety under Ashenzari
 17581 | Lair:3   | Reached skill level 5 in Summonings
 17882 | Lair:3   | Noticed a six-headed hydra
 17906 | Lair:3   | Learned a level 4 spell: Summon Ice Beast
 17939 | Lair:3   | Noticed Snorg
 17942 | Lair:3   | Killed a six-headed hydra
 17951 | Lair:3   | Killed Snorg
 17952 | Lair:3   | Reached skill level 5 in Unarmed Combat
 18569 | Lair:3   | Reached skill level 13 in Necromancy
 19231 | Lair:3   | Gained mutation: You are mostly covered in rugged brown
                  | scales. (AC +2, +5% HP) [demonic ancestry]
 19231 | Lair:3   | Reached XP level 13. HP: 76/82 MP: 18/27
 19685 | Lair:4   | Reached *** piety under Ashenzari
 19952 | Lair:4   | Noticed Kirke
 19963 | Lair:4   | Killed Kirke
 20380 | Lair:4   | Reached skill level 1 in Transmutations
 20600 | Lair:4   | Found a hole to the Spider Nest.
 20833 | Lair:4   | Found a staircase to the Shoals.
 21330 | Lair:5   | Noticed an entropy weaver
 21336 | Lair:5   | Noticed an entropy weaver
 21336 | Lair:5   | Killed an entropy weaver
 21336 | Lair:5   | Killed an entropy weaver
 21774 | Lair:5   | Reached XP level 14. HP: 89/89 MP: 6/29
 22982 | Lair:6   | Entered Level 6 of the Lair of Beasts
 23135 | Lair:6   | Reached skill level 14 in Necromancy
 23629 | Lair:6   | Identified the +8 chain mail "Kezaoh" {rN+}
 24522 | Lair:6   | Found a large runed translucent door.
 24729 | Lair:6   | Found a large runed translucent door.
 24756 | Lair:6   | Reached skill level 5 in Transmutations
 24992 | Lair:6   | Found a viscous altar of Jiyva.
 24992 | Lair:6   | Found a staircase to the Slime Pits.
 25876 | Orc:1    | Entered Level 1 of the Orcish Mines
 25955 | Orc:1    | Found a frozen archway.
 25974 | IceCv    | Entered an ice cave
 25995 | IceCv    | Learned a level 4 spell: Hailstorm
 26919 | IceCv    | Found an ancient bone altar of Kikubaaqudgha.
 27525 | IceCv    | Learned a level 6 spell: Ozocubu's Refrigeration
 27735 | Orc:1    | Reached **** piety under Ashenzari
 27736 | Orc:1    | Found a transporter.
 28105 | Orc:1    | Noticed Jorgrun
 28491 | Orc:2    | Entered Level 2 of the Orcish Mines
 28491 | Orc:2    | Found a runed translucent gate.
 28491 | Orc:2    | Found a runed translucent gate.
 28491 | Orc:2    | Found a runed translucent gate.
 28495 | Orc:2    | Noticed Hypnoxylon's ghost (journeyman MiFi)
 28555 | Orc:2    | Noticed Maurice
 28559 | Orc:2    | Killed Maurice
 28661 | Orc:2    | Found a dark tunnel.
 28670 | Volcano  | Entered a volcano
 28736 | Volcano  | Gained mutation: You regenerate a lot of health from kills.
                  | [demonic ancestry]
 28736 | Volcano  | Reached XP level 15. HP: 84/94 MP: 12/31
 29198 | Orc:2    | Paralysed by an ogre mage for 2 turns
 29434 | Orc:2    | Found Jibro's Antique Weapon Shop.
 29434 | Orc:2    | Found Kyhoull's General Store.
 29435 | Orc:2    | Found Luurosch's Jewellery Shoppe.
 29435 | Orc:2    | Found Tysuog's Magic Scroll Boutique.
 29463 | Orc:2    | Bought a potion of brilliance for 56 gold pieces
 29463 | Orc:2    | Bought a potion of heal wounds for 70 gold pieces
 29466 | Orc:2    | Bought 2 scrolls of identify for 48 gold pieces
 29466 | Orc:2    | Bought a scroll of blinking for 90 gold pieces
 29466 | Orc:2    | Bought a scroll of blinking for 90 gold pieces
 29547 | Orc:2    | Learned a level 7 spell: Summon Greater Demon
 29742 | Orc:2    | Found a roughly hewn altar of Beogh.
 30162 | Orc:2    | Found a staircase to the Elven Halls.
 30185 | Orc:2    | Reached skill level 15 in Necromancy
 30406 | Orc:2    | Found an iron altar of Okawaru.
 30447 | Orc:1    | Killed Jorgrun
 30786 | Orc:1    | Noticed Grorgnorb's ghost (journeyman FoAM)
 30878 | Orc:1    | Found a transporter.
 31111 | Orc:1    | Killed Grorgnorb's ghost
 31112 | Orc:1    | Reached skill level 10 in Summonings
 31381 | D:7      | Bought a book of the Dragon for 1440 gold pieces
 31588 | Shoals:1 | Entered Level 1 of the Shoals
 33723 | Shoals:2 | Noticed Ilsuiw
 33729 | Shoals:2 | Killed Ilsuiw
 34212 | Shoals:2 | Reached XP level 16. HP: 55/100 MP: 7/32
 34629 | Shoals:2 | Noticed Roxanne
 34648 | Shoals:2 | Killed Roxanne
 36343 | Shoals:2 | Identified the +6 scale mail of Purpose {Will+ Str+4 Int+2}
 38226 | Shoals:3 | Identified the +9 short sword "Vemeet" {elec, +Fly rF+
                  | Will+ Int+4}
 38611 | Shoals:3 | Learned a level 7 spell: Dragon Form
 38797 | Shoals:4 | Entered Level 4 of the Shoals
 38882 | Shoals:4 | Reached ***** piety under Ashenzari
 38897 | Shoals:4 | Reached skill level 10 in Dodging
 39209 | Shoals:4 | Hit by a javelin thrown by a merfolk javelineer

Illustrated notes

Levels and vault maps discovered:
D:1:      giann_bridges, layout_basic
D:2:      layout_rooms, kiku_gazebo_garden_becter, lemuel_crystal_altar,
          gammafunk_temple_overflow_elements, lexackson_kobold_supper
D:3:      kennysheep_goblin_castle, layout_loops_ring, old_standard_altar,
          chequers_ecumenical_altar_simple, minmay_misc_feat_square,
          uniq_natasha
D:4:      layout_loops_cross, grunt_temple_overflow_order_and_chaos_1
D:5:      layout_basic, fiery_altar_vehumet, minmay_temple_entry_purple_smoke,
          uniq_prince_ribbit1
D:6:      layout_cave_pools, gammafunk_temple_overflow_arena
D:7:      layout_basic, basic_altar, serial_shops, nicolae_shop_window_shopping,
          uniq_menkaure
D:8:      layout_cave_pods, makhleb_altar_promises_db,
          ebering_ghost_rock_garden, serial_shops, shop, uniq_harold
D:9:      lemuel_slime, layout_grid_maze, lair_entry_dummy,
          minmay_orc_entry_guard_dogs, tgw_xom
D:10:     layout_gridville
D:11:     layout_cave_pools, maelrawn_ghost_gauntlet_escape,
          nemelex_xobeh_ov_fountains_minmay
Temple:   nicolae_temple_hex_pool
Lair:1:   layout_gridlike, serial_bayou_shore_a, grunt_megastairs_2,
          minmay_lair_oklob_chamber
Lair:2:   layout_cave_pods, grunt_megastairs_4
Lair:3:   layout_hall_layers, grunt_megastairs_1, infiniplex_staircase_pool_2,
          uniq_snorg
Lair:4:   layout_roguey, elwin_shoals_entry_stream,
          spider_nest_entry_funnel_web, uniq_kirke
Lair:5:   layout_small_grid, minivault_29, infiniplex_staircase_pool,
          lemuel_fruit_tree
Lair:6:   cheibrodos_lair_end_hotspot, layout_hall_layers, slime_altar_1,
          minmay_shattered_shrine
Shoals:1: cheibrodos_shoals_satyrical_garden, layout_shoals,
          dpeg_stationary_puzzle
Shoals:2: layout_shoals, st_sunken_temple, uniq_ilsuiw, uniq_roxanne
Shoals:3: layout_shoals, nicolae_shoals_water_shrine
Shoals:4: shoals_end_hangedman, layout_shoals
Orc:1:    layout_diamond_mine, gammafunk_ghost_stat_death,
          portal_ice_cave_entry_imps, nicolae_orc_rockfall, uniq_jorgrun
Orc:2:    st_orc_ogre_mass, layout_caves, nicolae_volcano_entry_batcave,
          basic_altar, gammafunk_ghost_fury_of_okawaru, uniq_maurice

Skill      XL: |  1  2  3  4  5  6  7  8  9 10 11 12 13 14 15 16 |
---------------+-------------------------------------------------+-----
Dodging        | 2 3 4 5 6 7 8 9 10 | 10.0
Unarmed Combat | 1 2 3 5 7 8 9 |  9.9
Necromancy     | 5 6 7 9 10 11 12 13 14 15 | 15.2
Spellcasting   | 3 4 5 6 8 9 10 11 12 13 | 13.5
Ice Magic      | 4 5 7 8 9 |  9.0
Summonings     | 4 6 7 9 10 11 | 11.4
Transmutations | 3 5 7 8 |  8.6
Stealth        | |  1.7

Action                   |  1- 3 |  4- 6 |  7- 9 | 10-12 | 13-15 | 16-18 || total
-------------------------+-------+-------+-------+-------+-------+-------++-------
Melee: Whip              |    54 |   126 |   290 |   159 |   721 |    25 ||  1375
       Kick              |     2 |    21 |    70 |   112 |   197 |     9 ||   411
       Punch             |       |     1 |     3 |     3 |    18 |     2 ||    27
       Long sword        |       |       |       |   226 |       |       ||   226
 Cast: Pain              |    61 |    56 |    62 |    45 |    27 |       ||   251
       Vampiric Draining |     4 |    10 |    47 |    72 |    56 |    21 ||   210
       Animate Dead      |       |     5 |     4 |    15 |    24 |       ||    48
       Frozen Ramparts   |       |       |     8 |    78 |   100 |       ||   186
       Ozocubu's Armour  |       |       |     5 |    31 |    33 |       ||    69
       Agony             |       |       |       |    24 |    22 |     7 ||    53
       Summon Ice Beast  |       |       |       |     8 |    78 |     5 ||    91
       Ozocubu's Refrige |       |       |       |       |    99 |    95 ||   194
       Hailstorm         |       |       |       |       |     8 |       ||     8
       Summon Greater De |       |       |       |       |     4 |    12 ||    16
       Dragon Form       |       |       |       |       |       |     1 ||     1
Invok: Curse Item        |       |       |     2 |     1 |     3 |     1 ||     7
       Scrying           |       |       |       |       |       |     1 ||     1
Evoke: Wand              |       |     8 |    42 |    21 |    32 |       ||   103
       Lightning rod     |       |       |       |       |    11 |       ||    11
  Use: Potion            |     1 |       |     3 |     2 |    14 |     1 ||    21
       Scroll            |       |     5 |    10 |     5 |    25 |     7 ||    52
 Stab: Sleeping          |       |     1 |     2 |     2 |     2 |       ||     7
       Distracted        |       |     1 |     1 |       |     1 |       ||     3
Armor: Skin              |    16 |       |       |       |     7 |       ||    23
       Robe              |     5 |    46 |   112 |   144 |   172 |    15 ||   494
Dodge: Dodged            |    36 |    94 |   275 |   424 |   696 |   101 ||  1626
Block: Other             |       |       |    19 |   124 |   205 |    21 ||   369
       Reflection        |       |       |       |     2 |    10 |     7 ||    19
       Rpst.: Long sword |       |       |       |    58 |       |       ||    58
